 Dungeon Crawl Stone Soup version 0.30.1-11-g7821555f0a (webtiles) character file.

Game seed: 9594011593033406919

81 PaiMei the Grave Robber (level 4, -2/32 HPs)
             Began as a Demonspawn Necromancer on Jan 10, 2024.
             Frozen to death by an endoplasm (5 damage)
             ... on level 2 of the Dungeon.
             The game lasted 00:01:38 (1840 turns).

PaiMei the Grave Robber (Demonspawn Necromancer)    Turns: 1840, Time: 00:01:39

Health: -2/32      AC:  2    Str:  8    XL:     4   Next: 19%
Magic:  0/7        EV: 17    Int: 19    God:
Gold:   62         SH:  0    Dex: 13    Spells: 7/8 levels left

rFire   . . .        c - +0 dagger
rCold   . . .        (no shield)
rNeg    . . .        a - +0 robe
rPois   .            (no helmet)
rElec   .            (no cloak)
rCorr   .            (no gloves)
SInv    .            (no boots)
Will    .....        (no amulet)
Stlth   ++           (no ring)
HPRegen 0.25/turn    (no ring)
MPRegen 0.10/turn

%: no passive effects
@: agile, slowed, very slow
A: powered by pain 2
a: no special abilities


You were on level 2 of the Dungeon.
You visited 1 branch of the dungeon, and saw 2 of its levels.

You collected 62 gold pieces.

Inventory:

Hand Weapons
 c - a +0 dagger (weapon)
Armour
 a - a +0 robe (worn)
Scrolls
 e - a scroll of poison {unknown}
 f - a scroll of magic mapping {unknown}
Potions
 b - 3 potions of magic
 d - 2 potions of might {unknown}


   Skills:
 + Level 1.4 Fighting
 + Level 2.5 Dodging
 - Level 2.0 Stealth
 + Level 2.6 Spellcasting
 + Level 5.0 Necromancy


You had 7 spell levels left.
You knew the following spells:

 Your Spells              Type           Power      Damage    Failure   Level
a - Necrotise             Necr           84%        1d8       1%          1

Your spell library contained the following spells:

 Spells                   Type           Power      Damage    Failure   Level
 Vampiric Draining        Necr           21%        2d7       6%          3
 Animate Dead             Necr           21%        N/A       21%         4
 Agony                    Necr           21%        N/A       50%         5


Dungeon Overview and Level Annotations

Branches:
Dungeon (2/15)

Altars:

Annotations:
D:2 1 runed translucent door, Crazy Yiuf


Innate Abilities, Weirdness & Mutations

You sometimes gain power by taking damage.


Message History

Jessica attacks as you move away!
Jessica hits you with a +4 dagger of pain!
* * * LOW HITPOINT WARNING * * *
You focus on the pain.
You feel more agile all of a sudden. Jessica gestures at you while chanting.
You resist with some effort. Jessica misses you.
Casting: Necrotise (safe; 2% risk of failure)
Confirm with . or Enter, or press ? or * to list all spells.
You don't have enough magic to cast this spell.
You hit Jessica.
You kill Jessica!
Your Necromancy skill increases to level 5!
You have reached level 4!
You feel clever.
Your demonic ancestry asserts itself...
You feel even more energised by your suffering.
Casting: Necrotise (safe; 1% risk of failure)
Confirm with . or Enter, or press ? or * to list all spells.
You don't have enough magic to cast this spell.
You hit the endoplasm.
The endoplasm is heavily wounded.
The endoplasm barely misses you.
You hit the endoplasm but do no damage.
The endoplasm is heavily wounded.
The endoplasm closely misses you. The endoplasm freezes you.
You are frozen.
* * * LOW HITPOINT WARNING * * *
You hit the endoplasm.
The endoplasm is almost dead.
The endoplasm hits you but does no damage.
Casting: Necrotise (safe; 1% risk of failure)
Confirm with . or Enter, or press ? or * to list all spells.
Aiming: Necrotise (safe; 1% risk of failure)
Press: ? - help, Shift-Dir - straight line, f - endoplasm
Aim: an endoplasm (almost dead, chance to affect: 90%)
The endoplasm barely resists.
The endoplasm freezes you.
You are frozen.
You die... gJ#

##Z# #..# ##J## .
##..## .. #....# ....
#....## #####......
##.....###..........
#..###...J@###......
#.#######.....<.....
###.#.......###.......
#.....####### .....#.
#.....# ###..# #.....#
## #...†.# #..[..#
#.....#


You could see an endoplasm.

Vanquished Creatures
  Jessica (D:2)
  A gnoll (D:1)
  2 dart slugs (D:1)
  3 bats (D:1)
  2 endoplasms (D:1)
  4 giant cockroaches
  6 goblins
  7 hobgoblins
  2 kobolds
  A quokka (D:2)
  A frilled lizard (D:1)
  5 rats (D:1)
35 creatures vanquished.

Vanquished Creatures (collateral kills)
  A worm (D:2)
1 creature vanquished.

Grand Total: 36 creatures vanquished

Notes
Turn   | Place    | Note
-------+----------+-------------------------------------------
     0 | D:1      | PaiMei the Demonspawn Necromancer began the quest for the
                  | Orb.
     0 | D:1      | Reached XP level 1. HP: 13/13 MP: 3/3
   162 | D:1      | Gained mutation: You sometimes gain a little power by
                  | taking damage. [demonic ancestry]
   162 | D:1      | Reached XP level 2. HP: 18/19 MP: 0/5
   804 | D:1      | Reached XP level 3. HP: 25/25 MP: 3/6
  1223 | D:1      | Reached skill level 1 in Fighting
  1682 | D:2      | Found a runed translucent door.
  1683 | D:2      | Noticed Crazy Yiuf
  1819 | D:2      | Noticed Jessica
  1835 | D:2      | HP: 1/26 [Jessica/+4 dagger of pain (7)]
  1836 | D:2      | Killed Jessica
  1837 | D:2      | Reached skill level 5 in Necromancy
  1837 | D:2      | Gained mutation: You sometimes gain power by taking damage.
                  | [demonic ancestry]
  1837 | D:2      | Reached XP level 4. HP: 2/32 MP: 0/7
  1840 | D:2      | Frozen to death by an endoplasm

Illustrated notes

Levels and vault maps discovered:
D:1:      dpeg_arrival_subterranean_lakeside_camping, layout_loops_ring,
          grunt_decor_cap
D:2:      layout_rooms, ebering_ecumenical_altar_sacrificial, uniq_natasha,
          uniq_jessica, uniq_crazy_yiuf_cottage

Skill      XL: |  1  2  3 |
---------------+----------+-----
Stealth        | 2 |  2.0
Dodging        | 2 |  2.5
Fighting       | 1 |  1.4
Necromancy     | 5 |  5.0
Spellcasting   | |  2.6

Action                     |  1- 3 |  4- 6 || total
---------------------------+-------+-------++-------
  Melee: Dagger            |    27 |     3 ||    30
   Cast: Necrotise         |    66 |     1 ||    67
 Armour: Robe              |     5 |     1 ||     6
  Dodge: Dodged            |    21 |     2 ||    23
